Chicago Wolves vs Bridgeport Sound Tigers

Created - 23 septembre 2019 at 15:18

Simulating a Pre-Season

Goals
1 2 3 OT1 SO T
Chicago Wolves 1 2 0 0 2 3
Bridgeport Sound Tigers 0 2 1 0 3 4
Shots
1 2 3 OT1 SO T
Chicago Wolves 12 15 6 2 5 35
Bridgeport Sound Tigers 11 13 8 1 5 33

1st period

1. Chicago Wolves , Mitchell Stephens 1 (Wayne Simpson 1, C.J. Smith 1) at 2:38

Penalties :
Saku Maenalanen (WOL) for Holding (Minor) at 4:06, Brendan Leipsic (SND) for Hooking (Minor) at 19:28

2nd period

2. Chicago Wolves , Mitchell Stephens 2 (Doyle Somerby 1) at 2:16
3. Bridgeport Sound Tigers , Brendan Leipsic 1 (Matt Roy 1) at 12:35
4. Bridgeport Sound Tigers , Drake Batherson 1 (Christian Fischer 1) at 14:20 (PP)
5. Chicago Wolves , Hudson Fasching 1 (Calle Rosen 1, Adam Helewka 1) at 15:43

Penalties :
Wayne Simpson (WOL) for Cross-checking (Minor) at 3:58, Lawrence Pilut (WOL) for Tripping (Minor) at 14:07

3rd period

6. Bridgeport Sound Tigers , Brendan Leipsic 2 (Par Lindholm 1, Evan McEneny 1) at 0:46

Penalties :
Calle Rosen (WOL) for High sticking (Minor) at 4:13

Overtime #1

No Goal

Penalties :
No Penalty

Shootout

Chicago Wolves, Adam Helewka - Goal!
Bridgeport Sound Tigers, Christian Fischer - Stopped by Michael McNiven
Chicago Wolves, Hudson Fasching - Stopped by C.J. Motte
Bridgeport Sound Tigers, Drake Batherson - Goal!
Chicago Wolves, Wayne Simpson - Goal!
Bridgeport Sound Tigers, Cole Schneider - Goal!
Chicago Wolves, Adam Johnson - Stopped by C.J. Motte
Bridgeport Sound Tigers, Brendan Leipsic - Stopped by Michael McNiven
Chicago Wolves, Mitchell Stephens - Shot Misses the Net
Bridgeport Sound Tigers, Par Lindholm - Goal!

Penalties :
No Penalty

Goalie Stats

Michael McNiven (WOL), 30 saves from 33 shots - (0,909), OTL, 0-0-1, 65:00 minutes
C.J. Motte (SND), 32 saves from 35 shots - (0,914), W, 1-0-0, 65:00 minutes

Players Stats for Chicago Wolves

Player Name              G  A  P  +/- PIM S  H  SB GA TA FO     MP     PP MP  PK MP  
------------------------------------------------------------------------------------
Aaron Ness               0  0  0   1  0   1  0  0  0  0  0/0    11:42   0:00   0:18 
Adam Helewka             0  1  1   0  0   1  2  2  1  0  6/8    28:36   1:20   3:11 
Adam Johnson             0  0  0   0  0   4  2  1  1  0  12/22  19:25   1:20   2:20 
C.J. Smith               0  1  1   1  0   7  2  1  1  0  0/0    17:48   0:39   0:06 
Calle Rosen              0  1  1   0  2   0  2  5  1  0  0/0    25:19   1:25   2:09 
Cavan Fitzgerald         0  0  0   0  0   0  1  1  0  1  0/0     7:00   0:00   0:27 
Doyle Somerby            0  1  1   1  0   0  1  1  0  1  0/0    12:06   0:00   0:44 
Hudson Fasching          1  0  1   0  0   4  1  1  0  0  1/2    27:23   1:20   3:17 
Ian McCoshen             0  0  0   0  0   0  2  1  0  0  0/0    26:28   1:25   3:02 
Joel L'Esperance         0  0  0   0  0   4  0  0  0  0  2/4    13:35   0:00   0:00 
Lawrence Pilut           0  0  0   0  2   1  2  2  1  1  0/0    20:36   0:34   2:50 
Mikhail Vorobyev         0  0  0   0  0   0  0  0  0  0  1/1     7:44   0:00   0:12 
Mitchell Stephens        2  0  2   1  0   6  0  0  0  1  12/18  17:47   0:39   0:00 
Morgan Klimchuk          0  0  0   0  0   1  0  1  0  0  0/0     8:26   0:00   0:00 
Philippe Myers           0  0  0   0  0   1  0  2  1  1  0/0    20:37   0:34   2:50 
Ryan Lindgren            0  0  0   0  0   0  0  0  0  1  0/0     6:13   0:00   0:00 
Saku Maenalanen          0  0  0   0  2   1  0  0  0  0  0/1    10:21   0:00   0:00 
Travis Morin             0  0  0   0  0   1  1  0  0  0  1/3    12:20   0:00   2:12 
Wayne Simpson            0  1  1   1  2   3  1  0  0  0  0/3    20:20   0:39   1:02 

Players Stats for Bridgeport Sound Tigers

Player Name              G  A  P  +/- PIM S  H  SB GA TA FO     MP     PP MP  PK MP  
------------------------------------------------------------------------------------
Andrew O'Brien           0  0  0   0  0   0  2  0  0  1  0/0    12:15   0:00   0:00 
Brendan Leipsic          2  0  2   2  2   5  1  0  0  1  5/11   19:31   2:35   0:00 
Christian Fischer        0  1  1  -1  0   2  2  0  0  0  14/32  21:57   3:25   1:24 
Cole Schneider           0  0  0  -1  0   0  0  1  0  0  2/5    21:03   3:35   0:23 
Drake Batherson          1  0  1  -1  0   5  2  1  1  0  2/2    21:57   3:25   1:24 
Evan McEneny             0  1  1   0  0   2  2  2  0  1  0/0    29:33   2:46   1:25 
Jacob Middleton          0  0  0  -1  0   0  1  3  0  0  0/0    23:12   3:24   0:34 
Joni Tuulola             0  0  0  -1  0   1  0  0  0  0  0/0    23:12   3:24   0:34 
Joona Koppanen           0  0  0  -2  0   0  1  0  0  0  0/1    11:55   0:10   0:12 
Justin Dowling           0  0  0   0  0   4  1  0  0  0  3/6    12:26   0:10   0:00 
Justin Scott             0  0  0   2  0   2  5  1  0  0  0/0    17:13   2:35   0:00 
Mathieu Olivier          0  0  0   0  0   2  2  0  0  0  0/0    11:13   0:00   0:00 
Matt Roy                 0  1  1   0  0   1  1  1  0  2  0/0    29:33   2:46   1:25 
Michael Bunting          0  0  0   0  0   3  0  0  3  0  0/0    12:32   0:00   0:35 
Par Lindholm             0  1  1   2  0   2  1  0  0  0  1/1    17:13   2:35   0:00 
Patrick Sieloff          0  0  0   0  0   0  0  0  0  1  0/0    12:15   0:00   0:00 
Ryan Lomberg             0  0  0  -2  0   4  0  0  1  0  0/0    10:30   0:00   0:00 
Steven Lorentz           0  0  0  -2  0   0  0  0  1  0  0/4    10:30   0:00   0:00 

3 Stars

1 - Brendan Leipsic (SND)
2 - Mitchell Stephens (WOL)
3 - Justin Scott (SND)

Power Play

Chicago Wolves - 0 on 1 Attempt(s) - 0,00%
Bridgeport Sound Tigers - 1 on 4 Attempt(s) - 25,00%

Penalty Kill

Chicago Wolves - 3 on 4 Attempt(s) - 75,00% - Score 0 goal in Penalty Kill
Bridgeport Sound Tigers - 1 on 1 Attempt(s) - 100,00% - Score 0 goal in Penalty Kill

Team Stat

Chicago Wolves - Hits : 17 - Faceoff Wins : 35 - Blocked Shots : 18 - Penalty Minutes : 8
Bridgeport Sound Tigers - Hits : 21 - Faceoff Wins : 27 - Blocked Shots : 9 - Penalty Minutes : 2

Official

Referees : Dan O'Halloran and Evgeny Romasko
Linesman : Shandor Alphonso and John Grandt

Game Notes

No Game Note

Chicago Wolves

5 vs 5 Forward 
   Center                   Left Wing                Right Wing               Time % Phy DF OF 
 1 Adam Johnson             Adam Helewka             Hudson Fasching          40     1   2  2  
 2 Mitchell Stephens        C.J. Smith               Wayne Simpson            30     1   2  2  
 3 Joel L'Esperance         Saku Maenalanen          Adam Helewka             20     1   2  2  
 4 Travis Morin             Morgan Klimchuk          Hudson Fasching          10     1   2  2  

5 vs 5 Defense 
   Defense                  Defense                                           Time % Phy DF OF 
 1 Calle Rosen              Ian McCoshen                                      40     1   2  2  
 2 Philippe Myers           Lawrence Pilut                                    30     1   2  2  
 3 Aaron Ness               Doyle Somerby                                     20     1   2  2  
 4 Cavan Fitzgerald         Ryan Lindgren                                     10     1   2  2  

PowerPlay Forward 
   Center                   Left Wing                Right Wing               Time % Phy DF OF 
 1 Adam Johnson             Adam Helewka             Hudson Fasching          60     1   2  2  
 2 Mitchell Stephens        C.J. Smith               Wayne Simpson            40     1   2  2  

PowerPlay Defense
   Defense                  Defense                                           Time % Phy DF OF 
 1 Calle Rosen              Ian McCoshen                                      60     1   2  2  
 2 Philippe Myers           Lawrence Pilut                                    40     1   2  2  

Penalty Kill 4 Players Forward 
   Center                   Wing                     Time % Phy DF OF 
 1 Adam Helewka             Hudson Fasching          60     1   2  2  
 2 Wayne Simpson            Adam Johnson             40     1   2  2  

Penalty Kill 4 Players Defense
   Defense                  Defense                  Time % Phy DF OF 
 1 Calle Rosen              Ian McCoshen             60     1   2  2  
 2 Philippe Myers           Lawrence Pilut           40     1   2  2  

Penalty Kill - 3 Players Forward 
   Forward                                           Time % Phy DF OF 
 1 Adam Helewka                                      60     1   2  2  
 2 Hudson Fasching                                   40     1   2  2  

Penalty Kill - 3 Players Defense
   Defense                  Defense                  Time % Phy DF OF 
 1 Calle Rosen              Ian McCoshen             60     1   2  2  
 2 Philippe Myers           Lawrence Pilut           40     1   2  2  

4 vs 4 Forward 
   Center                   Wing                     Time % Phy DF OF 
 1 Adam Helewka             Hudson Fasching          60     1   2  2  
 2 Wayne Simpson            Adam Johnson             40     1   2  2  

4 vs 4 Defense
   Defense                  Defense                  Time % Phy DF OF 
 1 Calle Rosen              Ian McCoshen             60     1   2  2  
 2 Philippe Myers           Lawrence Pilut           40     1   2  2  

Last Minutes Offensive
   Center                   Left Wing                Right Wing               Defense                  Defense                  
   Adam Johnson             Adam Helewka             Hudson Fasching          Calle Rosen              Ian McCoshen             

Last Minutes Defensive
   Center                   Left Wing                Right Wing               Defense                  Defense                  
   Adam Johnson             Adam Helewka             Hudson Fasching          Calle Rosen              Ian McCoshen             

Goaltenders
Starting : Michael McNiven          
Backup : Dan Vladar               

Extra Forwards
Normal : Mikhail Vorobyev, Joel L'Esperance, Travis Morin - PP : Mikhail Vorobyev, Joel L'Esperance - PK : Travis Morin
Extra Defensemen
Normal : Aaron Ness, Doyle Somerby, Cavan Fitzgerald - PP : Aaron Ness - PK : Doyle Somerby, Cavan Fitzgerald
Penalty Shots
Adam Helewka, Hudson Fasching, Wayne Simpson, Adam Johnson, Mitchell Stephens

Scratches
Niklas Hansson (Healthy), Brent Pedersen (Healthy), Andrew Oglevie (Healthy), Matt Finn (Healthy)

Bridgeport Sound Tigers

5 vs 5 Forward 
   Center                   Left Wing                Right Wing               Time % Phy DF OF 
 1 Christian Fischer        Cole Schneider           Drake Batherson          35     1   2  2  
 2 Brendan Leipsic          Par Lindholm             Justin Scott             30     1   2  2  
 3 Justin Dowling           Michael Bunting          Mathieu Olivier          20     1   2  2  
 4 Steven Lorentz           Joona Koppanen           Ryan Lomberg             15     1   2  2  

5 vs 5 Defense 
   Defense                  Defense                                           Time % Phy DF OF 
 1 Matt Roy                 Evan McEneny                                      40     1   2  2  
 2 Jacob Middleton          Joni Tuulola                                      30     1   2  2  
 3 Patrick Sieloff          Andrew O'Brien                                    20     1   2  2  
 4 Matt Roy                 Evan McEneny                                      10     1   2  2  

PowerPlay Forward 
   Center                   Left Wing                Right Wing               Time % Phy DF OF 
 1 Christian Fischer        Cole Schneider           Drake Batherson          60     1   2  2  
 2 Brendan Leipsic          Par Lindholm             Justin Scott             40     1   2  2  

PowerPlay Defense
   Defense                  Defense                                           Time % Phy DF OF 
 1 Matt Roy                 Evan McEneny                                      60     1   2  2  
 2 Jacob Middleton          Joni Tuulola                                      40     1   2  2  

Penalty Kill 4 Players Forward 
   Center                   Wing                     Time % Phy DF OF 
 1 Christian Fischer        Drake Batherson          60     1   2  2  
 2 Cole Schneider           Brendan Leipsic          40     1   2  2  

Penalty Kill 4 Players Defense
   Defense                  Defense                  Time % Phy DF OF 
 1 Matt Roy                 Evan McEneny             60     1   2  2  
 2 Jacob Middleton          Joni Tuulola             40     1   2  2  

Penalty Kill - 3 Players Forward 
   Forward                                           Time % Phy DF OF 
 1 Christian Fischer                                 60     1   2  2  
 2 Drake Batherson                                   40     1   2  2  

Penalty Kill - 3 Players Defense
   Defense                  Defense                  Time % Phy DF OF 
 1 Matt Roy                 Evan McEneny             60     1   2  2  
 2 Jacob Middleton          Joni Tuulola             40     1   2  2  

4 vs 4 Forward 
   Center                   Wing                     Time % Phy DF OF 
 1 Christian Fischer        Drake Batherson          60     1   2  2  
 2 Cole Schneider           Brendan Leipsic          40     1   2  2  

4 vs 4 Defense
   Defense                  Defense                  Time % Phy DF OF 
 1 Matt Roy                 Evan McEneny             60     1   2  2  
 2 Jacob Middleton          Joni Tuulola             40     1   2  2  

Last Minutes Offensive
   Center                   Left Wing                Right Wing               Defense                  Defense                  
   Christian Fischer        Cole Schneider           Drake Batherson          Matt Roy                 Evan McEneny             

Last Minutes Defensive
   Center                   Left Wing                Right Wing               Defense                  Defense                  
   Christian Fischer        Cole Schneider           Drake Batherson          Matt Roy                 Evan McEneny             

Goaltenders
Starting : C.J. Motte               
Backup : Colton Phinney           

Extra Forwards
Normal : Joona Koppanen, Justin Dowling, Michael Bunting - PP : Joona Koppanen, Justin Dowling - PK : Michael Bunting
Extra Defensemen
Normal : Patrick Sieloff, Andrew O'Brien, Jacob Middleton - PP : Patrick Sieloff - PK : Andrew O'Brien, Jacob Middleton
Penalty Shots
Christian Fischer, Drake Batherson, Cole Schneider, Brendan Leipsic, Par Lindholm

Scratches
Kerby Rychel (Healthy), Ty Rattie (Healthy), Dylan Sadowy (Healthy), Filip Sandberg (Healthy), Harri Sateri (Healthy)

% Time on Ice - Chicago Wolves

Lines # - Real PCT - Wanted PCT - Time Play
Normal Forward
1 - 29% - 40% - 14:57
2 - 36% - 30% - 18:26
3 - 19% - 20% - 10:02
4 - 16% - 10% - 8:26
Normal Defense
1 - 38% - 40% - 19:27
2 - 30% - 30% - 15:20
3 - 21% - 20% - 10:51
4 - 12% - 10% - 6:13
PP Forward
1 - 67% - 60% - 1:20
2 - 33% - 40% - 0:39
PP Defense
1 - 71% - 60% - 1:25
2 - 29% - 40% - 0:34
PK Forward
1 - 73% - 60% - 4:31
2 - 27% - 40% - 1:39
PK Defense
1 - 54% - 60% - 3:20
2 - 46% - 40% - 2:50
PK3 Forward
1 - 0% - 60%
2 - 0% - 40%
PK3 Defense
1 - 0% - 60%
2 - 0% - 40%
44 Forward
1 - 76% - 60% - 3:47
2 - 24% - 40% - 1:13
44 Defense
1 - 62% - 60% - 3:07
2 - 38% - 40% - 1:53
Last Minute Offensive  - 0:00
Last Minute Defensive  - 0:00
Total
Forward - 65:00
Defense - 65:00

% Time on Ice - Bridgeport Sound Tigers

Lines # - Real PCT - Wanted PCT - Time Play
Normal Forward
1 - 28% - 35% - 14:46
2 - 30% - 30% - 15:22
3 - 22% - 20% - 11:13
4 - 20% - 15% - 10:30
Normal Defense
1 - 39% - 40% - 20:08
2 - 33% - 30% - 17:14
3 - 24% - 20% - 12:15
4 - 4% - 10% - 2:14
PP Forward
1 - 58% - 60% - 3:35
2 - 42% - 40% - 2:35
PP Defense
1 - 45% - 60% - 2:46
2 - 55% - 40% - 3:24
PK Forward
1 - 81% - 60% - 1:36
2 - 19% - 40% - 0:23
PK Defense
1 - 71% - 60% - 1:25
2 - 29% - 40% - 0:34
PK3 Forward
1 - 0% - 60%
2 - 0% - 40%
PK3 Defense
1 - 0% - 60%
2 - 0% - 40%
44 Forward
1 - 68% - 60% - 3:24
2 - 32% - 40% - 1:36
44 Defense
1 - 60% - 60% - 3:00
2 - 40% - 40% - 2:00
Last Minute Offensive  - 0:00
Last Minute Defensive  - 0:00
Total
Forward - 65:00
Defense - 65:00

Play-by-Play

1st period


0:01 of 1st period - Adam Johnson wins face-off versus Christian Fischer in neutral zone.
0:34 of 1st period - Snap shot by Brendan Leipsic.
0:34 of 1st period - Stopped by Michael McNiven with a rebound.
0:36 of 1st period - Wrist shot by Par Lindholm.
0:36 of 1st period - Deflect By Brendan Leipsic.
0:36 of 1st period - Shot Blocked by Calle Rosen.
0:36 of 1st period - Puck is out of play.
0:37 of 1st period - Justin Dowling wins face-off versus Saku Maenalanen in Chicago Wolves zone.
1:02 of 1st period - Steven Lorentz is hit by Lawrence Pilut and loses puck.
1:07 of 1st period - Slapshot by C.J. Smith.
1:07 of 1st period - Deflect By Mitchell Stephens.
1:07 of 1st period - Shot Hit the Post.
1:07 of 1st period - Puck is out of play.
1:08 of 1st period - Mitchell Stephens wins face-off versus Steven Lorentz in Bridgeport Sound Tigers zone.
1:19 of 1st period - Wrist shot by C.J. Smith.
1:19 of 1st period - Shot Misses the Net.
2:09 of 1st period - Joni Tuulola is hit by Doyle Somerby and loses puck.
2:18 of 1st period - Wrist shot by C.J. Smith.
2:18 of 1st period - Shot Misses the Net.
2:28 of 1st period - Snap shot by Wayne Simpson.
2:28 of 1st period - Deflect By C.J. Smith.
2:28 of 1st period - Stopped by C.J. Motte with a rebound.
2:30 of 1st period - Slapshot by Aaron Ness.
2:30 of 1st period - Stopped by C.J. Motte with a rebound.
2:32 of 1st period - Snap shot by Doyle Somerby.
2:32 of 1st period - Shot Blocked by Jacob Middleton.
2:34 of 1st period - Wrist shot by C.J. Smith.
2:34 of 1st period - Shot Blocked by Jacob Middleton.
2:36 of 1st period - Wrist shot by Wayne Simpson.
2:36 of 1st period - Stopped by C.J. Motte with a rebound.
2:38 of 1st period - Snap shot by Mitchell Stephens.
2:38 of 1st period - Goal by Mitchell Stephens - Chicago Wolves : 1 - Bridgeport Sound Tigers : 0.
2:39 of 1st period - Christian Fischer wins face-off versus Hudson Fasching in neutral zone.
3:06 of 1st period - Slapshot by Hudson Fasching.
3:06 of 1st period - Stopped by C.J. Motte with a rebound.
3:12 of 1st period - Wrist shot by Travis Morin.
3:12 of 1st period - Shot Misses the Net.
4:06 of 1st period - Minor Penalty to Saku Maenalanen for Holding.
4:07 of 1st period - Adam Helewka wins face-off versus Christian Fischer in Chicago Wolves zone.
4:19 of 1st period - Snap shot by Christian Fischer.
4:19 of 1st period - Shot Misses the Net.
5:57 of 1st period - Brendan Leipsic is hit by Lawrence Pilut and loses puck.
6:06 of 1st period - Penalty to Saku Maenalanen is over, Saku Maenalanen is back on ice.
6:14 of 1st period - Snap shot by Justin Dowling.
6:14 of 1st period - Stopped by Michael McNiven without a rebound.
6:15 of 1st period - Mitchell Stephens wins face-off versus Justin Dowling in Chicago Wolves zone.
6:40 of 1st period - Andrew O'Brien is hit by Cavan Fitzgerald and loses puck.
8:07 of 1st period - Joni Tuulola is hit by Adam Helewka and loses puck.
8:51 of 1st period - Snap shot by Michael Bunting.
8:51 of 1st period - Shot Blocked by Cavan Fitzgerald.
9:19 of 1st period - Hudson Fasching is hit by Par Lindholm and loses puck.
9:38 of 1st period - Adam Helewka is hit by Andrew O'Brien and loses puck.
10:22 of 1st period - Snap shot by Travis Morin.
10:22 of 1st period - Stopped by C.J. Motte with a rebound.
10:46 of 1st period - Snap shot by Justin Scott.
10:46 of 1st period - Shot Blocked by Philippe Myers.
10:48 of 1st period - Wrist shot by Joni Tuulola.
10:48 of 1st period - Stopped by Michael McNiven with a rebound.
10:50 of 1st period - Snap shot by Jacob Middleton.
10:50 of 1st period - Shot Blocked by Lawrence Pilut.
10:52 of 1st period - Snap shot by Mathieu Olivier.
10:52 of 1st period - Shot Misses the Net.
10:54 of 1st period - Slapshot by Jacob Middleton.
10:54 of 1st period - Shot Misses the Net.
10:56 of 1st period - Snap shot by Justin Dowling.
10:56 of 1st period - Shot Misses the Net.
10:58 of 1st period - Slapshot by Mathieu Olivier.
10:58 of 1st period - Stopped by Michael McNiven with a rebound.
11:39 of 1st period - Snap shot by Drake Batherson.
11:39 of 1st period - Deflect By Christian Fischer.
11:39 of 1st period - Shot Blocked by Doyle Somerby.
11:39 of 1st period - Puck is out of play.
11:40 of 1st period - Christian Fischer wins face-off versus Mitchell Stephens in Chicago Wolves zone.
12:25 of 1st period - Wrist shot by Saku Maenalanen.
12:25 of 1st period - Stopped by C.J. Motte with a rebound.
13:08 of 1st period - Snap shot by Ryan Lomberg.
13:08 of 1st period - Stopped by Michael McNiven without a rebound.
13:09 of 1st period - Par Lindholm wins face-off versus Joel L'Esperance in Chicago Wolves zone.
13:14 of 1st period - Snap shot by Brendan Leipsic.
13:14 of 1st period - Shot Blocked by Calle Rosen.
13:16 of 1st period - Snap shot by Par Lindholm.
13:16 of 1st period - Stopped by Michael McNiven without a rebound.
13:17 of 1st period - Mitchell Stephens wins face-off versus Brendan Leipsic in Chicago Wolves zone.
13:30 of 1st period - Par Lindholm is hit by Calle Rosen and loses puck.
14:13 of 1st period - Wrist shot by Brendan Leipsic.
14:13 of 1st period - Stopped by Michael McNiven with a rebound.
14:35 of 1st period - Ian McCoshen is hit by Justin Scott and loses puck.
14:50 of 1st period - Snap shot by Justin Scott.
14:50 of 1st period - Stopped by Michael McNiven without a rebound.
14:51 of 1st period - Christian Fischer wins face-off versus Mitchell Stephens in Chicago Wolves zone.
15:00 of 1st period - Snap shot by Mitchell Stephens.
15:00 of 1st period - Deflect By C.J. Smith.
15:00 of 1st period - Stopped by C.J. Motte with a rebound.
15:02 of 1st period - Wrist shot by Wayne Simpson.
15:02 of 1st period - Deflect By C.J. Smith.
15:02 of 1st period - Stopped by C.J. Motte with a rebound.
15:06 of 1st period - Backhand shot by C.J. Smith.
15:06 of 1st period - Shot Blocked by Evan McEneny.
15:23 of 1st period - Hudson Fasching is hit by Evan McEneny.
16:15 of 1st period - Mitchell Stephens is hit by Justin Dowling and loses puck.
16:54 of 1st period - Wrist shot by Joel L'Esperance.
16:54 of 1st period - Stopped by C.J. Motte without a rebound.
16:55 of 1st period - Justin Dowling wins face-off versus Travis Morin in Bridgeport Sound Tigers zone.
17:49 of 1st period - Wrist shot by Saku Maenalanen.
17:49 of 1st period - Shot Misses the Net.
17:54 of 1st period - Off-side.
17:55 of 1st period - Hudson Fasching wins face-off versus Brendan Leipsic in neutral zone.
18:44 of 1st period - Slapshot by Ryan Lomberg.
18:44 of 1st period - Stopped by Michael McNiven without a rebound.
18:45 of 1st period - Adam Johnson wins face-off versus Steven Lorentz in Chicago Wolves zone.
18:58 of 1st period - Snap shot by Ryan Lomberg.
18:58 of 1st period - Shot Misses the Net.
19:00 of 1st period - Wrist shot by Ryan Lomberg.
19:00 of 1st period - Shot Blocked by Adam Johnson.
19:02 of 1st period - Slapshot by Joona Koppanen.
19:02 of 1st period - Shot Misses the Net.
19:04 of 1st period - Slapshot by Patrick Sieloff.
19:04 of 1st period - Deflect By Ryan Lomberg.
19:04 of 1st period - Shot Misses the Net.
19:04 of 1st period - Puck is out of play.
19:05 of 1st period - Christian Fischer wins face-off versus Mitchell Stephens in Chicago Wolves zone.
19:06 of 1st period - Snap shot by Drake Batherson.
19:06 of 1st period - Stopped by Michael McNiven without a rebound.
19:07 of 1st period - Drake Batherson wins face-off versus Mitchell Stephens in Chicago Wolves zone.
19:08 of 1st period - Snap shot by Christian Fischer.
19:08 of 1st period - Stopped by Michael McNiven without a rebound.
19:09 of 1st period - Mitchell Stephens wins face-off versus Christian Fischer in Chicago Wolves zone.
19:09 of 1st period - Mitchell Stephens is hit by Christian Fischer.
19:23 of 1st period - Wrist shot by Wayne Simpson.
19:23 of 1st period - Shot Blocked by Matt Roy.
19:25 of 1st period - Wrist shot by C.J. Smith.
19:25 of 1st period - Stopped by C.J. Motte without a rebound.
19:26 of 1st period - Brendan Leipsic wins face-off versus Adam Johnson in Bridgeport Sound Tigers zone.
19:28 of 1st period - Minor Penalty to Brendan Leipsic for Hooking.
19:29 of 1st period - Adam Johnson wins face-off versus Christian Fischer in Bridgeport Sound Tigers zone.
19:37 of 1st period - Wrist shot by Adam Helewka.
19:37 of 1st period - Shot Misses the Net.
19:39 of 1st period - Slapshot by Ian McCoshen.
19:39 of 1st period - Shot Misses the Net.
19:41 of 1st period - Snap shot by Hudson Fasching.
19:41 of 1st period - Deflect By Adam Helewka.
19:41 of 1st period - Shot Blocked by Drake Batherson.
19:41 of 1st period - Puck is out of play.
19:42 of 1st period - Christian Fischer wins face-off versus Adam Helewka in Bridgeport Sound Tigers zone.
19:59 of 1st period - Snap shot by Adam Johnson.
19:59 of 1st period - Stopped by C.J. Motte with a rebound.
Goals for this period are 1 for Chicago Wolves vs 0 for Bridgeport Sound Tigers.
Shots for this period are 12 for Chicago Wolves vs 11 for Bridgeport Sound Tigers.

2nd period


0:01 of 2nd period - Christian Fischer wins face-off versus Adam Johnson in neutral zone.
0:12 of 2nd period - Snap shot by Hudson Fasching.
0:12 of 2nd period - Shot Misses the Net.
1:28 of 2nd period - Penalty to Brendan Leipsic is over, Brendan Leipsic is back on ice.
1:31 of 2nd period - Matt Roy is hit by Adam Johnson and loses puck.
1:35 of 2nd period - Icing by Matt Roy.
1:36 of 2nd period - Joel L'Esperance wins face-off versus Cole Schneider in Bridgeport Sound Tigers zone.
2:16 of 2nd period - Snap shot by Mitchell Stephens.
2:16 of 2nd period - Goal by Mitchell Stephens - Chicago Wolves : 2 - Bridgeport Sound Tigers : 0.
2:17 of 2nd period - Brendan Leipsic wins face-off versus Adam Johnson in neutral zone.
2:26 of 2nd period - Snap shot by Adam Helewka.
2:26 of 2nd period - Shot Misses the Net.
2:28 of 2nd period - Snap shot by Calle Rosen.
2:28 of 2nd period - Deflect By Adam Helewka.
2:28 of 2nd period - Shot Misses the Net.
2:28 of 2nd period - Puck is out of play.
2:29 of 2nd period - Christian Fischer wins face-off versus Adam Johnson in Bridgeport Sound Tigers zone.
2:29 of 2nd period - Christian Fischer is hit by Adam Helewka.
2:41 of 2nd period - Snap shot by Drake Batherson.
2:41 of 2nd period - Shot Misses the Net.
2:55 of 2nd period - Brendan Leipsic is hit by C.J. Smith and loses puck.
3:40 of 2nd period - Snap shot by Ryan Lomberg.
3:40 of 2nd period - Stopped by Michael McNiven with a rebound.
3:52 of 2nd period - Christian Fischer is hit by C.J. Smith and loses puck.
3:58 of 2nd period - Minor Penalty to Wayne Simpson for Cross-checking.
3:59 of 2nd period - Adam Helewka wins face-off versus Cole Schneider in Chicago Wolves zone.
4:14 of 2nd period - Slapshot by Lawrence Pilut.
4:14 of 2nd period - Stopped by C.J. Motte with a rebound.
4:16 of 2nd period - Slapshot by Philippe Myers.
4:16 of 2nd period - Shot Misses the Net.
4:28 of 2nd period - Snap shot by Justin Scott.
4:28 of 2nd period - Stopped by Michael McNiven without a rebound.
4:29 of 2nd period - Adam Helewka wins face-off versus Brendan Leipsic in Chicago Wolves zone.
4:46 of 2nd period - Ian McCoshen is hit by Drake Batherson and loses puck.
5:58 of 2nd period - Penalty to Wayne Simpson is over, Wayne Simpson is back on ice.
6:20 of 2nd period - C.J. Smith is hit by Mathieu Olivier and loses puck.
7:12 of 2nd period - Wrist shot by Mitchell Stephens.
7:12 of 2nd period - Shot Blocked by Jacob Middleton.
7:58 of 2nd period - Snap shot by Joel L'Esperance.
7:58 of 2nd period - Stopped by C.J. Motte with a rebound.
8:14 of 2nd period - Snap shot by Brendan Leipsic.
8:14 of 2nd period - Shot Misses the Net.
8:32 of 2nd period - Slapshot by Matt Roy.
8:32 of 2nd period - Stopped by Michael McNiven with a rebound.
8:34 of 2nd period - Snap shot by Joona Koppanen.
8:34 of 2nd period - Shot Hit the Post.
8:36 of 2nd period - Wrist shot by Ryan Lomberg.
8:36 of 2nd period - Stopped by Michael McNiven with a rebound.
8:46 of 2nd period - Snap shot by Travis Morin.
8:46 of 2nd period - Deflect By Christian Fischer.
8:46 of 2nd period - Shot Misses the Net.
8:46 of 2nd period - Puck is out of play.
8:47 of 2nd period - Joel L'Esperance wins face-off versus Christian Fischer in Bridgeport Sound Tigers zone.
8:50 of 2nd period - Wrist shot by Adam Helewka.
8:50 of 2nd period - Shot Misses the Net.
9:00 of 2nd period - Snap shot by Christian Fischer.
9:00 of 2nd period - Shot Blocked by C.J. Smith.
9:02 of 2nd period - Wrist shot by Drake Batherson.
9:02 of 2nd period - Deflect By C.J. Smith.
9:02 of 2nd period - Stopped by Michael McNiven with a rebound.
9:17 of 2nd period - Brendan Leipsic is hit by Adam Johnson.
9:21 of 2nd period - Par Lindholm is hit by Calle Rosen and loses puck.
10:28 of 2nd period - Snap shot by Hudson Fasching.
10:28 of 2nd period - Stopped by C.J. Motte without a rebound.
10:29 of 2nd period - Brendan Leipsic wins face-off versus Travis Morin in Bridgeport Sound Tigers zone.
11:00 of 2nd period - Snap shot by Morgan Klimchuk.
11:00 of 2nd period - Stopped by C.J. Motte with a rebound.
11:18 of 2nd period - Justin Dowling is hit by Wayne Simpson and loses puck.
11:23 of 2nd period - Slapshot by Mitchell Stephens.
11:23 of 2nd period - Stopped by C.J. Motte without a rebound.
11:24 of 2nd period - Adam Johnson wins face-off versus Christian Fischer in Bridgeport Sound Tigers zone.
11:33 of 2nd period - Slapshot by Adam Helewka.
11:33 of 2nd period - Deflect By Hudson Fasching.
11:33 of 2nd period - Stopped by C.J. Motte with a rebound.
11:43 of 2nd period - Snap shot by Mitchell Stephens.
11:43 of 2nd period - Stopped by C.J. Motte with a rebound.
11:45 of 2nd period - Slapshot by Aaron Ness.
11:45 of 2nd period - Shot Misses the Net.
11:47 of 2nd period - Snap shot by Aaron Ness.
11:47 of 2nd period - Shot Blocked by Justin Scott.
11:49 of 2nd period - Slapshot by Doyle Somerby.
11:49 of 2nd period - Deflect By C.J. Smith.
11:49 of 2nd period - Shot Misses the Net.
11:49 of 2nd period - Puck is out of play.
11:50 of 2nd period - Adam Johnson wins face-off versus Brendan Leipsic in Bridgeport Sound Tigers zone.
12:35 of 2nd period - Wrist shot by Brendan Leipsic.
12:35 of 2nd period - Goal by Brendan Leipsic - Chicago Wolves : 2 - Bridgeport Sound Tigers : 1.
12:36 of 2nd period - Mitchell Stephens wins face-off versus Christian Fischer in neutral zone.
13:22 of 2nd period - Snap shot by Matt Roy.
13:22 of 2nd period - Deflect By Ryan Lomberg.
13:22 of 2nd period - Shot Blocked by Calle Rosen.
13:22 of 2nd period - Puck is out of play.
13:23 of 2nd period - Travis Morin wins face-off versus Steven Lorentz in Chicago Wolves zone.
13:23 of 2nd period - Travis Morin is hit by Andrew O'Brien.
13:34 of 2nd period - Icing by Joona Koppanen.
13:35 of 2nd period - Adam Johnson wins face-off versus Steven Lorentz in Bridgeport Sound Tigers zone.
14:07 of 2nd period - Minor Penalty to Lawrence Pilut for Tripping.
14:08 of 2nd period - Christian Fischer wins face-off versus Adam Helewka in Chicago Wolves zone.
14:20 of 2nd period - Wrist shot by Drake Batherson.
14:20 of 2nd period - Deflect By Calle Rosen.
14:20 of 2nd period - Goal by Drake Batherson - Chicago Wolves : 2 - Bridgeport Sound Tigers : 2.
14:21 of 2nd period - Christian Fischer wins face-off versus Adam Johnson in neutral zone.
14:45 of 2nd period - Icing by Hudson Fasching.
14:46 of 2nd period - Brendan Leipsic wins face-off versus Adam Johnson in Chicago Wolves zone.
14:54 of 2nd period - Calle Rosen is hit by Justin Scott and loses puck.
15:15 of 2nd period - Snap shot by Adam Johnson.
15:15 of 2nd period - Stopped by C.J. Motte without a rebound.
15:16 of 2nd period - Mitchell Stephens wins face-off versus Christian Fischer in Bridgeport Sound Tigers zone.
15:19 of 2nd period - Snap shot by Wayne Simpson.
15:19 of 2nd period - Deflect By Mitchell Stephens.
15:19 of 2nd period - Stopped by C.J. Motte without a rebound.
15:20 of 2nd period - Mitchell Stephens wins face-off versus Cole Schneider in Bridgeport Sound Tigers zone.
15:29 of 2nd period - Snap shot by Drake Batherson.
15:29 of 2nd period - Stopped by Michael McNiven with a rebound.
15:33 of 2nd period - Snap shot by Christian Fischer.
15:33 of 2nd period - Stopped by Michael McNiven without a rebound.
15:34 of 2nd period - Adam Johnson wins face-off versus Christian Fischer in Chicago Wolves zone.
15:41 of 2nd period - Slapshot by Adam Helewka.
15:41 of 2nd period - Shot Misses the Net.
15:43 of 2nd period - Snap shot by Calle Rosen.
15:43 of 2nd period - Deflect By Hudson Fasching.
15:43 of 2nd period - Goal by Hudson Fasching - Chicago Wolves : 3 - Bridgeport Sound Tigers : 2.
15:44 of 2nd period - Adam Johnson wins face-off versus Christian Fischer in neutral zone.
16:29 of 2nd period - Icing by Matt Roy.
16:30 of 2nd period - Justin Dowling wins face-off versus Joel L'Esperance in Bridgeport Sound Tigers zone.
16:42 of 2nd period - Snap shot by Michael Bunting.
16:42 of 2nd period - Deflect By Justin Dowling.
16:42 of 2nd period - Stopped by Michael McNiven with a rebound.
16:46 of 2nd period - Snap shot by Justin Dowling.
16:46 of 2nd period - Shot Blocked by Adam Helewka.
16:58 of 2nd period - Philippe Myers is hit by Justin Scott and loses puck.
17:03 of 2nd period - Snap shot by Brendan Leipsic.
17:03 of 2nd period - Stopped by Michael McNiven with a rebound.
17:05 of 2nd period - Snap shot by Brendan Leipsic.
17:05 of 2nd period - Deflect By Par Lindholm.
17:05 of 2nd period - Shot Blocked by Lawrence Pilut.
17:05 of 2nd period - Puck is out of play.
17:06 of 2nd period - Cole Schneider wins face-off versus Wayne Simpson in Chicago Wolves zone.
17:37 of 2nd period - Snap shot by Drake Batherson.
17:37 of 2nd period - Stopped by Michael McNiven with a rebound.
17:47 of 2nd period - Icing by Calle Rosen.
17:48 of 2nd period - Brendan Leipsic wins face-off versus Adam Johnson in Chicago Wolves zone.
17:56 of 2nd period - Icing by Ian McCoshen.
17:57 of 2nd period - Adam Johnson wins face-off versus Brendan Leipsic in Chicago Wolves zone.
18:40 of 2nd period - Slapshot by Evan McEneny.
18:40 of 2nd period - Stopped by Michael McNiven with a rebound.
19:05 of 2nd period - Off-side.
19:06 of 2nd period - Mitchell Stephens wins face-off versus Christian Fischer in neutral zone.
19:15 of 2nd period - Wrist shot by C.J. Smith.
19:15 of 2nd period - Stopped by C.J. Motte with a rebound.
19:17 of 2nd period - Snap shot by Mitchell Stephens.
19:17 of 2nd period - Stopped by C.J. Motte without a rebound.
19:18 of 2nd period - Cole Schneider wins face-off versus Mitchell Stephens in Bridgeport Sound Tigers zone.
19:23 of 2nd period - Wrist shot by Mitchell Stephens.
19:23 of 2nd period - Deflect By Wayne Simpson.
19:23 of 2nd period - Shot Misses the Net.
19:23 of 2nd period - Puck is out of play.
19:24 of 2nd period - Mitchell Stephens wins face-off versus Christian Fischer in Bridgeport Sound Tigers zone.
19:25 of 2nd period - Slapshot by Wayne Simpson.
19:25 of 2nd period - Stopped by C.J. Motte without a rebound.
19:26 of 2nd period - Mitchell Stephens wins face-off versus Christian Fischer in Bridgeport Sound Tigers zone.
19:29 of 2nd period - Slapshot by C.J. Smith.
19:29 of 2nd period - Stopped by C.J. Motte without a rebound.
19:30 of 2nd period - Drake Batherson wins face-off versus Adam Johnson in Bridgeport Sound Tigers zone.
19:43 of 2nd period - Slapshot by Drake Batherson.
19:43 of 2nd period - Shot Blocked by Adam Helewka.
Goals for this period are 2 for Chicago Wolves vs 2 for Bridgeport Sound Tigers.
Shots for this period are 15 for Chicago Wolves vs 13 for Bridgeport Sound Tigers.

3rd period


0:01 of 3rd period - Christian Fischer wins face-off versus Adam Johnson in neutral zone.
0:10 of 3rd period - Wrist shot by Adam Johnson.
0:10 of 3rd period - Stopped by C.J. Motte without a rebound.
0:11 of 3rd period - Adam Johnson wins face-off versus Christian Fischer in Bridgeport Sound Tigers zone.
0:34 of 3rd period - Icing by Matt Roy.
0:35 of 3rd period - Mitchell Stephens wins face-off versus Brendan Leipsic in Bridgeport Sound Tigers zone.
0:36 of 3rd period - Slapshot by C.J. Smith.
0:36 of 3rd period - Stopped by C.J. Motte with a rebound.
0:44 of 3rd period - Snap shot by Par Lindholm.
0:44 of 3rd period - Shot Blocked by Calle Rosen.
0:46 of 3rd period - Slapshot by Brendan Leipsic.
0:46 of 3rd period - Goal by Brendan Leipsic - Chicago Wolves : 3 - Bridgeport Sound Tigers : 3.
0:47 of 3rd period - Adam Johnson wins face-off versus Christian Fischer in neutral zone.
0:49 of 3rd period - Off-side.
0:50 of 3rd period - Christian Fischer wins face-off versus Adam Johnson in neutral zone.
0:59 of 3rd period - Snap shot by Adam Helewka.
0:59 of 3rd period - Stopped by C.J. Motte with a rebound.
1:01 of 3rd period - Snap shot by Adam Johnson.
1:01 of 3rd period - Shot Blocked by Cole Schneider.
1:03 of 3rd period - Wrist shot by Adam Johnson.
1:03 of 3rd period - Stopped by C.J. Motte with a rebound.
1:05 of 3rd period - Slapshot by Philippe Myers.
1:05 of 3rd period - Shot Misses the Net.
2:50 of 3rd period - Wrist shot by Justin Dowling.
2:50 of 3rd period - Shot Misses the Net.
2:52 of 3rd period - Snap shot by Mathieu Olivier.
2:52 of 3rd period - Shot Blocked by Morgan Klimchuk.
2:54 of 3rd period - Snap shot by Mathieu Olivier.
2:54 of 3rd period - Stopped by Michael McNiven with a rebound.
3:58 of 3rd period - Snap shot by Par Lindholm.
3:58 of 3rd period - Deflect By Calle Rosen.
3:58 of 3rd period - Stopped by Michael McNiven with a rebound.
4:00 of 3rd period - Slapshot by Patrick Sieloff.
4:00 of 3rd period - Shot Blocked by Ian McCoshen.
4:02 of 3rd period - Slapshot by Andrew O'Brien.
4:02 of 3rd period - Shot Misses the Net.
4:13 of 3rd period - Minor Penalty to Calle Rosen for High sticking.
4:14 of 3rd period - Adam Helewka wins face-off versus Christian Fischer in Chicago Wolves zone.
4:14 of 3rd period - Adam Helewka is hit by Christian Fischer.
4:30 of 3rd period - Wrist shot by Drake Batherson.
4:30 of 3rd period - Shot Blocked by Hudson Fasching.
5:26 of 3rd period - Christian Fischer is hit by Travis Morin and loses puck.
6:13 of 3rd period - Penalty to Calle Rosen is over, Calle Rosen is back on ice.
8:15 of 3rd period - Morgan Klimchuk is hit by Justin Scott and loses puck.
10:12 of 3rd period - Snap shot by Ryan Lomberg.
10:12 of 3rd period - Shot Misses the Net.
10:14 of 3rd period - Slapshot by Evan McEneny.
10:14 of 3rd period - Shot Misses the Net.
10:57 of 3rd period - Morgan Klimchuk is hit by Joona Koppanen and loses puck.
11:12 of 3rd period - Wayne Simpson is hit by Justin Scott and loses puck.
11:59 of 3rd period - Slapshot by Joel L'Esperance.
11:59 of 3rd period - Stopped by C.J. Motte with a rebound.
12:01 of 3rd period - Slapshot by Philippe Myers.
12:01 of 3rd period - Stopped by C.J. Motte with a rebound.
12:03 of 3rd period - Backhand shot by Adam Johnson.
12:03 of 3rd period - Shot Misses the Net.
12:29 of 3rd period - C.J. Smith is hit by Jacob Middleton and loses puck.
13:04 of 3rd period - Wrist shot by Steven Lorentz.
13:04 of 3rd period - Shot Misses the Net.
13:45 of 3rd period - Morgan Klimchuk is hit by Drake Batherson.
14:02 of 3rd period - Wayne Simpson is hit by Mathieu Olivier and loses puck.
14:33 of 3rd period - Joel L'Esperance is hit by Matt Roy and loses puck.
14:56 of 3rd period - Wrist shot by Michael Bunting.
14:56 of 3rd period - Stopped by Michael McNiven without a rebound.
14:57 of 3rd period - Mitchell Stephens wins face-off versus Justin Dowling in Chicago Wolves zone.
16:23 of 3rd period - Icing by Justin Dowling.
16:24 of 3rd period - Christian Fischer wins face-off versus Mitchell Stephens in Bridgeport Sound Tigers zone.
16:56 of 3rd period - Snap shot by Justin Dowling.
16:56 of 3rd period - Shot Misses the Net.
16:58 of 3rd period - Snap shot by Michael Bunting.
16:58 of 3rd period - Stopped by Michael McNiven with a rebound.
17:46 of 3rd period - Wrist shot by Ryan Lomberg.
17:46 of 3rd period - Shot Misses the Net.
17:48 of 3rd period - Snap shot by Ryan Lomberg.
17:48 of 3rd period - Shot Misses the Net.
18:29 of 3rd period - Christian Fischer is hit by Ian McCoshen and loses puck.
18:56 of 3rd period - Snap shot by Justin Scott.
18:56 of 3rd period - Deflect By Justin Dowling.
18:56 of 3rd period - Stopped by Michael McNiven with a rebound.
19:00 of 3rd period - Snap shot by Michael Bunting.
19:00 of 3rd period - Shot Misses the Net.
19:02 of 3rd period - Snap shot by Justin Dowling.
19:02 of 3rd period - Stopped by Michael McNiven with a rebound.
19:04 of 3rd period - Snap shot by Michael Bunting.
19:04 of 3rd period - Stopped by Michael McNiven without a rebound.
19:05 of 3rd period - Adam Johnson wins face-off versus Justin Dowling in Chicago Wolves zone.
Goals for this period are 0 for Chicago Wolves vs 1 for Bridgeport Sound Tigers.
Shots for this period are 6 for Chicago Wolves vs 8 for Bridgeport Sound Tigers.

Overtime #1


0:01 of 1st overtime period - Adam Helewka wins face-off versus Christian Fischer in neutral zone.
0:08 of 1st overtime period - Slapshot by Hudson Fasching.
0:08 of 1st overtime period - Shot Misses the Net.
1:07 of 1st overtime period - Snap shot by Joel L'Esperance.
1:07 of 1st overtime period - Shot Misses the Net.
1:25 of 1st overtime period - Wrist shot by Wayne Simpson.
1:25 of 1st overtime period - Stopped by C.J. Motte with a rebound.
1:52 of 1st overtime period - Adam Helewka is hit by Evan McEneny and loses puck.
2:05 of 1st overtime period - Matt Roy is hit by Ian McCoshen and loses puck.
2:12 of 1st overtime period - Wrist shot by Joel L'Esperance.
2:12 of 1st overtime period - Stopped by C.J. Motte with a rebound.
2:14 of 1st overtime period - Snap shot by Aaron Ness.
2:14 of 1st overtime period - Deflect By Joel L'Esperance.
2:14 of 1st overtime period - Shot Misses the Net.
2:14 of 1st overtime period - Puck is out of play.
2:15 of 1st overtime period - Adam Helewka wins face-off versus Christian Fischer in Bridgeport Sound Tigers zone.
2:31 of 1st overtime period - Icing by Adam Helewka.
2:32 of 1st overtime period - Christian Fischer wins face-off versus Wayne Simpson in Chicago Wolves zone.
2:59 of 1st overtime period - Matt Roy is hit by Hudson Fasching and loses puck.
3:12 of 1st overtime period - Wrist shot by Wayne Simpson.
3:12 of 1st overtime period - Deflect By Adam Johnson.
3:12 of 1st overtime period - Shot Blocked by Evan McEneny.
3:12 of 1st overtime period - Puck is out of play.
3:13 of 1st overtime period - Christian Fischer wins face-off versus Wayne Simpson in Bridgeport Sound Tigers zone.
3:34 of 1st overtime period - Slapshot by Brendan Leipsic.
3:34 of 1st overtime period - Shot Misses the Net.
3:36 of 1st overtime period - Snap shot by Jacob Middleton.
3:36 of 1st overtime period - Shot Blocked by Philippe Myers.
4:04 of 1st overtime period - Slapshot by Evan McEneny.
4:04 of 1st overtime period - Shot Blocked by Calle Rosen.
4:06 of 1st overtime period - Wrist shot by Evan McEneny.
4:06 of 1st overtime period - Stopped by Michael McNiven without a rebound.
4:07 of 1st overtime period - Mikhail Vorobyev wins face-off versus Joona Koppanen in Chicago Wolves zone.
4:59 of 1st overtime period - Wayne Simpson is hit by Brendan Leipsic and loses puck.
Goals for this period are 0 for Chicago Wolves vs 0 for Bridgeport Sound Tigers.
Shots for this period are 2 for Chicago Wolves vs 1 for Bridgeport Sound Tigers.

ShootOut


5:00 of 1st overtime period - Round #1.
5:00 of 1st overtime period - Chicago Wolves, Adam Helewka.
5:00 of 1st overtime period - Deke by Adam Helewka.
5:00 of 1st overtime period - Goal by Adam Helewka.
5:00 of 1st overtime period - Bridgeport Sound Tigers, Christian Fischer.
5:00 of 1st overtime period - Wrist shot by Christian Fischer.
5:00 of 1st overtime period - Stopped by Michael McNiven.
5:00 of 1st overtime period - Round #2.
5:00 of 1st overtime period - Chicago Wolves, Hudson Fasching.
5:00 of 1st overtime period - Wrist shot by Hudson Fasching.
5:00 of 1st overtime period - Stopped by C.J. Motte.
5:00 of 1st overtime period - Bridgeport Sound Tigers, Drake Batherson.
5:00 of 1st overtime period - Deke by Drake Batherson.
5:00 of 1st overtime period - Goal by Drake Batherson.
5:00 of 1st overtime period - Round #3.
5:00 of 1st overtime period - Chicago Wolves, Wayne Simpson.
5:00 of 1st overtime period - Snap shot by Wayne Simpson.
5:00 of 1st overtime period - Goal by Wayne Simpson.
5:00 of 1st overtime period - Bridgeport Sound Tigers, Cole Schneider.
5:00 of 1st overtime period - Wrist shot by Cole Schneider.
5:00 of 1st overtime period - Goal by Cole Schneider.
5:00 of 1st overtime period - Round #4.
5:00 of 1st overtime period - Chicago Wolves, Adam Johnson.
5:00 of 1st overtime period - Snap shot by Adam Johnson.
5:00 of 1st overtime period - Stopped by C.J. Motte.
5:00 of 1st overtime period - Bridgeport Sound Tigers, Brendan Leipsic.
5:00 of 1st overtime period - Deke by Brendan Leipsic.
5:00 of 1st overtime period - Stopped by Michael McNiven.
5:00 of 1st overtime period - Round #5.
5:00 of 1st overtime period - Chicago Wolves, Mitchell Stephens.
5:00 of 1st overtime period - Snap shot by Mitchell Stephens.
5:00 of 1st overtime period - Shot Misses the Net.
5:00 of 1st overtime period - Bridgeport Sound Tigers, Par Lindholm.
5:00 of 1st overtime period - Deke by Par Lindholm.
5:00 of 1st overtime period - Goal by Par Lindholm. Output by the SimonT Hockey Simulator (STHS) for Alexandre Lamarre - Original Page W3C HTML5 Valid
Hockey Simulator - Hockey Simulation - Hockey Manager